 Dungeon Crawl Stone Soup version 0.29-a0-330-g52719c12eb (webtiles) character file.

Game seed: 16763825983663998456

59830 Ajdolov the Spear-Bearer (level 14, -8/97 (105) HPs)
             Began as a Barachi Ice Elementalist on Apr 23, 2022.
             Was the Champion of Cheibriados.
             Killed from afar by a wretched star (29 damage)
             ... with a lance of force
             ... on level 3 of the Abyss.
             The game lasted 00:56:34 (24779 turns).

Ajdolov the Spear-Bearer (BaIE)                    Turns: 24779, Time: 00:56:35

HP:   -8/97 (105)   AC: 24    Str: 25    XL:     14   Next: 96%
MP:   12/17         EV: 19    Int: 36    God:    Cheibriados [******]
Gold: 1445          SH:  0    Dex: 27    Spells: 6/23 levels left

rFire   . . .      SeeInvis +   a - +4 spear (venom)
rCold   + . .      Faith    .   (no shield)
rNeg    . . .      Spirit   .   n - +2 scale mail {rC+}
rPois   .          Reflect  .   Z - +1 helmet
rElec   .          Harm     .   v - +2 cloak
rCorr   .          Rampage  .   K - +2 pair of gloves
Will    ++...                   I - +2 pair of boots
Stlth   +.........              P - amulet of regeneration
HPRegen 0.00/turn               D - ring of see invisible
MPRegen 0.15/turn               r - ring of willpower

@: sick, drained, very slow
A: amphibious, slowness 1, strong legs 2, +LOS, [low MP 2]
a: Hop, Renounce Religion, Bend Time, Temporal Distortion, Slouch, Step From
Time


You were on level 3 of the Abyss.
You worshipped Cheibriados.
Cheibriados was exalted by your worship.
You visited 3 branches of the dungeon, and saw 19 of its levels.
You visited the Abyss 1 time.

You collected 1794 gold pieces.
You spent 349 gold pieces at shops.

Inventory:

Hand Weapons
 a - a +4 spear of venom (weapon)
Missiles
 F - 5 throwing nets
Armour
 n - a +2 scale mail of cold resistance (worn)
 v - a +2 cloak (worn)
 z - a +2 buckler
 I - a +2 pair of boots (worn)
 K - a +2 pair of gloves (worn)
 Z - a +1 helmet (worn)
Jewellery
 o - a ring of fire
 r - a ring of willpower (right hand)
 D - a ring of see invisible (left hand)
 J - a +4 ring of slaying
 P - an amulet of regeneration (around neck)
 V - a ring of poison resistance
Wands
 t - a wand of iceblast (10)
 x - a wand of charming (6)
 E - a wand of flame (54)
 L - a wand of paralysis (19)
 M - a wand of polymorph (5)
 O - a wand of mindburst (2)
 Q - a wand of acid (3)
Scrolls
 c - 4 scrolls of teleportation
 d - 6 scrolls of fear
 e - 7 scrolls of vulnerability
 f - 4 scrolls of brand weapon
 h - 3 scrolls of torment
 i - 4 scrolls of enchant weapon
 k - a scroll of holy word
 l - a scroll of immolation
 u - 3 scrolls of amnesia
 y - 2 scrolls of magic mapping
 G - a scroll of blinking
 U - a scroll of fog
 W - 3 scrolls of summoning
 X - 2 scrolls of identify
Potions
 b - 4 potions of magic
 g - 4 potions of attraction
 j - 2 potions of lignification
 m - 6 potions of brilliance
 q - 4 potions of curing
 s - 7 potions of ambrosia
 w - 3 potions of mutation
 A - 2 potions of flight
 C - a potion of might
 N - a potion of cancellation
 R - 2 potions of haste
 S - a potion of berserk rage
 T - a potion of invisibility
Miscellaneous
 p - a phial of floods
 H - a phantom mirror


   Skills:
 - Level 8.0 Fighting
 - Level 12.0 Polearms
 * Level 11.1 Armour
 - Level 10.0 Dodging
 - Level 1.7 Stealth
 - Level 5.0 Spellcasting
 - Level 9.0 Conjurations
 + Level 2.4 Necromancy
 - Level 9.0 Ice Magic
 - Level 9.0 Air Magic
 + Level 2.6 Earth Magic
 - Level 8.6 Invocations
 + Level 7.2 Evocations


You had 6 spell levels left.
You knew the following spells:

 Your Spells              Type           Power      Damage    Failure   Level
a - Freeze                Ice            100%       1d11      1%          1
b - Frozen Ramparts       Ice            100%       1d12      1%          3
c - Ozocubu's Armour      Ice            65%        N/A       1%          3
d - Freezing Cloud        Conj/Ice/Air   32%        6-21      5%          5
e - Borgnjor's Vile Clut  Necr/Erth      13%        N/A       58%         5

Your spell library contained the following spells:

 Spells                   Type           Power      Damage    Failure   Level
 Mephitic Cloud           Conj/Pois/Air  51%        N/A       1%          3
 Hailstorm                Conj/Ice       65%        3d14      1%          4
 Animate Skeleton         Necr           52%        N/A       2%          1
 Sandblast                Erth           56%        2d13      2%          1
 Stone Arrow              Conj/Erth      100%       3d13      2%          3
 Passwall                 Tmut/Erth      15%        N/A       7%          2
 Apportation              Tloc           18%        N/A       8%          1
 Slow                     Hex            36%        N/A       8%          1
 Summon Small Mammal      Summ           36%        N/A       8%          1
 Vampiric Draining        Necr           26%        2d7       9%          3
 Ice Form                 Ice/Tmut       41%        N/A       12%         4
 Confusing Touch          Hex            9%         N/A       22%         3
 Ignite Poison            Fire/Tmut/Pois 9%         N/A       22%         3
 Fireball                 Conj/Fire      20%        3d10      32%         5
 Silence                  Hex/Air        20%        N/A       32%         5
 Animate Armour           Summ/Erth      36%        N/A       41%         4
 Passage of Golubria      Tloc           9%         N/A       58%         4
 Iron Shot                Conj/Erth      25%        9d5       73%         6
 Simulacrum               Ice/Necr       25%        N/A       75%         6
 Starburst                Conj/Fire      20%        6d7       88%         6
 Alistair's Intoxication  Tmut/Pois      6%         N/A       91%         5
 Blade Hands              Tmut           4%         N/A       91%         5
 Eringya's Noxious Bog    Tmut/Pois      4%         N/A       100%        6
 Ignition                 Fire           4%         3d4       100%        8
 Lehudib's Crystal Spear  Conj/Erth      25%        10d7      100%        8


Dungeon Overview and Level Annotations

Branches:
Dungeon (12/15)            Temple (0/1) D:4            Lair (6/6) D:8
  Swamp (0/4) Lair:2       Spider (0/4) Lair:4        Slime (0/5) Lair:5
    Orc (1/2) D:11

Altars:
Cheibriados
Fedhas
Hepliaklqana
Beogh

Shops:
D:5 *:!=   D:7 *!*=   D:10 ?

Annotations:
Lair:5 3 runed translucent doors, exclusion: 2 oklob plants, kae's ghost, journeyman DgFE
Lair:6 1 runed translucent door


Innate Abilities, Weirdness & Mutations

You are amphibious.
You cover ground slowly.
You can hop long distances.
You have an extended range of vision and can be seen from far away.
[Your magical capacity is very low. (-20% MP)]


Message History

That felt strangely unrewarding.
The abyssal rune of Zot is a mimic!
The abyssal rune of Zot mimic snickers and vanishes in a puff of smoke!
Unknown command.
You open the gate.
The thrashing horror roars! x2
The unseen horror barely misses you.
Activating: Slouch (3% risk of failure)
Press: ? - help, Dir - look around, f - activate You can feel time thicken for a moment.
You kill the unseen horror!
That felt strangely unrewarding.
You destroy the thrashing horror!
That felt strangely unrewarding.
You destroy the thrashing horror!
That felt strangely unrewarding.
You kill the unseen horror!
That felt strangely unrewarding.
You destroy the thrashing horror!
That felt strangely unrewarding.
You kill the unseen horror!
That felt strangely unrewarding.
You kill the unseen horror!
That felt strangely unrewarding.
You kill the unseen horror!
That felt strangely unrewarding.
You kill the unseen horror!
That felt strangely unrewarding.
You kill the unseen horror!
That felt strangely unrewarding.
The unseen horror convulses!
Your body is wracked with pain!
You kill the unseen horror!
That felt strangely unrewarding.
Your body is wracked with pain!
* * * LOW HITPOINT WARNING * * *
You destroy the thrashing horror!
That felt strangely unrewarding.
The wretched star pulses with an eldritch light!
The wretched star glows turbulently.
The lance of force hits you!!
You die...

# # .##([$##..#
.##(φ[[$##. # #
#[[?(([$# .# ##..
[$?φ[((#..# .# ([?[[[#.
# # ..##?/?φ(##.....#
#.###$**###. #. #
#.#'''#.##.###. #
#..@....## .##.. .
##.......##. . . #
#.........## .#.##
##.......## .# ##.
#.........#.† . ..
#...#.......#....#.#.##
##...#.#.#.#...#....#
####.#####.##.##.#.#
... ....# .#


You could see 2 wretched stars.

Vanquished Creatures
  A tentacled starspawn (Abyss:2)
  A very ugly thing (Abyss:2)
  A crystal guardian (Abyss:3)
  Josephine (D:12)
  6 hydras
  Erolcha (D:9)
  3 catoblepae
  3 boulder beetles
  A death knight (D:12)
  3 two-headed ogres
  Erica (Lair:2)
  4 thrashing horrors (Abyss:3)
  A shadow wraith (Abyss:3)
  A wretched star (Abyss:3)
  A sixfirhy (Abyss:3)
  A goliath frog (shapeshifter) (Abyss:3)
  3 phantasmal warriors (D:12)
  2 lindwurms (Lair:6)
  An orc knight (Orc:1)
  A wolf spider (Lair:6)
  An apocalypse crab (Abyss:3)
  A guardian serpent (Lair:6)
  7 black mambas
  5 elephants (Lair:2)
  5 torpor snails (Lair:6)
  19 cane toads
  10 unseen horrors
  4 rime drakes
  7 komodo dragons
  A hellwing (Abyss:2)
  A troll (shapeshifter) (Abyss:3)
  A queen bee (Lair:1)
  9 hornets (Lair:6)
  3 trolls
  3 ancient zymes
  3 tyrant leeches (Lair:6)
  11 dream sheep (Lair:4)
  4 blink frogs (Lair:4)
  A raiju (shapeshifter) (Abyss:3)
  Sigmund (D:5)
  4 culicivoras (Lair:4)
  3 large abominations (Abyss:2)
  8 wraiths
  14 wyverns
  2 shadows
  A ynoxinul (Abyss:2)
  65 yaks
  Eustachio (D:5)
  4 basilisks
  A neqoxec (Abyss:3)
  8 wargs
  A steam dragon (Lair:3)
  3 vampire mosquitoes (D:12)
  A redback (Lair:6)
  Menkaure (D:5)
  Duvessa (D:6)
  2 acid dragons
  Edmund (D:5)
  18 water moccasins
  5 orc warriors
  2 black bears (D:6)
  A sky beast (D:8)
  3 ice beasts
  An ogre (D:6)
  4 wolves (Lair:3)
  5 centaurs
  A phantom (D:4)
  3 small abominations
  Blork the orc (D:5)
  2 kobold brigands
  10 bullfrogs
  2 scorpions
  4 gnoll sergeants
  9 wights (D:9)
  Dowan (D:6)
  32 killer bees
  8 howler monkeys
  3 electric eels
  4 jellies
  A quasit (Abyss:2)
  8 hounds
  7 orc priests
  2 gnoll shamans (D:10)
  An iron imp (Abyss:2)
  6 iguanas
  Ijyb (D:5)
  15 orc wizards
  30 gnolls
  4 adders
  A shadow imp (D:5)
  2 white imps
  2 ufetubi (Abyss:2)
  2 dart slugs
  63 orcs
  2 endoplasms
  A giant cockroach (D:1)
  8 goblins
  2 hobgoblins
  5 jackals (D:10)
  13 kobolds
  4 quokkas
  4 ball pythons
  2 frilled lizards (D:1)
  A rat (D:1)
  A butterfly (Lair:1)
  2 lurking horrors (Abyss:3)
564 creatures vanquished.

Vanquished Creatures (others)
  38 fungi
  53 plants
  4 starspawn tentacles (Abyss:2)
95 creatures vanquished.

Grand Total: 659 creatures vanquished

Notes
Turn   | Place    | Note
-------+----------+-------------------------------------------
     0 | D:1      | Ajdolov the Barachi Ice Elementalist began the quest for
                  | the Orb.
     0 | D:1      | Reached XP level 1. HP: 13/13 MP: 3/3
    91 | D:1      | Reached skill level 5 in Ice Magic
   276 | D:1      | Reached skill level 1 in Fighting
   276 | D:1      | Reached XP level 2. HP: 17/21 MP: 5/5
   636 | D:1      | Found a faded altar of an unknown god.
   805 | D:1      | Reached XP level 3. HP: 6/26 MP: 1/6
  1123 | D:1      | Learned a level 3 spell: Frozen Ramparts
  1384 | D:2      | Found a snail-covered altar of Cheibriados.
  1402 | D:2      | Became a worshipper of Cheibriados the Contemplative
  2256 | D:3      | You fall into a shaft and drop 2 floors!
  2256 | D:5      | Entered Level 5 of the Dungeon
  2267 | D:5      | Reached skill level 1 in Polearms
  2267 | D:5      | Reached XP level 4. HP: 15/33 MP: 7/7
  2646 | D:5      | Reached skill level 2 in Polearms
  2646 | D:5      | Reached XP level 5. HP: 39/39 MP: 8/8
  2673 | D:5      | Noticed Edmund
  2835 | D:4      | Found a staircase to the Ecumenical Temple.
  2840 | D:4      | Reached * piety under Cheibriados
  2921 | D:4      | Noticed a phantom
  2930 | D:4      | Killed a phantom
  2931 | D:4      | Reached skill level 3 in Polearms
  2931 | D:4      | Reached XP level 6. HP: 46/47 MP: 9/9
  3043 | D:4      | Noticed an acid dragon
  3053 | D:4      | Learned a level 3 spell: Ozocubu's Armour
  3083 | D:4      | Killed an acid dragon
  3422 | D:4      | Reached skill level 4 in Polearms
  3790 | D:4      | Reached XP level 7. HP: 50/54 MP: 6/10
  4150 | D:5      | Noticed Sigmund
  4191 | D:5      | Killed Sigmund
  4192 | D:5      | Reached skill level 5 in Polearms
  4327 | D:5      | Killed Edmund
  4328 | D:5      | Reached skill level 5 in Fighting
  4430 | D:5      | Reached XP level 8. HP: 63/63 MP: 7/11
  4522 | D:5      | Found Belopaqo's Distillery.
  4530 | D:5      | Bought a potion of heal wounds for 70 gold pieces
  4530 | D:5      | Bought a potion of heal wounds for 70 gold pieces
  4530 | D:5      | Bought a potion of might for 56 gold pieces
  4530 | D:5      | Bought a potion of curing for 42 gold pieces
  4579 | D:5      | Found Waesufiw's Book Boutique.
  4618 | D:5      | Found Dasaomoc's Assorted Antiques.
  4626 | D:5      | Reached skill level 6 in Polearms
  4628 | D:5      | Noticed Eustachio
  4644 | D:5      | Killed Eustachio
  4644 | D:5      | Noticed Blork the orc
  4653 | D:5      | Killed Blork the orc
  4653 | D:5      | Noticed Ijyb
  4664 | D:5      | Killed Ijyb
  4938 | D:5      | Reached skill level 7 in Polearms
  4980 | D:5      | Found Exkuagou's Jewellery Boutique.
  5157 | D:6      | Reached ** piety under Cheibriados
  5391 | D:6      | Noticed Menkaure
  5398 | D:5      | Killed Menkaure
  5773 | D:6      | Reached skill level 8 in Polearms
  5774 | D:6      | Reached XP level 9. HP: 58/72 MP: 8/12
  5849 | D:6      | Noticed Duvessa
  5864 | D:6      | Killed Duvessa
  5880 | D:6      | Noticed Dowan
  5897 | D:6      | Killed Dowan
  6141 | D:6      | Reached skill level 9 in Polearms
  6623 | D:6      | Learned a level 5 spell: Freezing Cloud
  6753 | D:7      | Reached skill level 1 in Conjurations
  6753 | D:7      | Reached skill level 1 in Air Magic
  6854 | D:7      | Found Mezacyant's General Store.
  6855 | D:7      | Noticed a troll
  6863 | D:7      | Killed a troll
  6924 | D:7      | Bought a scroll of identify for 24 gold pieces
  6924 | D:7      | Bought a +0 pair of boots for 54 gold pieces
  7338 | D:7      | Found a hazy altar of Hepliaklqana.
  7402 | D:7      | Found Tuili's Jewellery Emporium.
  7422 | D:7      | Found Gepoxkar's General Store.
  7552 | D:7      | Found Sujodih's Distillery.
  7793 | D:7      | Reached *** piety under Cheibriados
  7794 | D:7      | Reached skill level 10 in Polearms
  7917 | D:8      | Found a staircase to the Lair.
  7942 | D:8      | Reached XP level 10. HP: 56/80 MP: 5/13
  8089 | D:8      | Noticed a two-headed ogre
  8102 | D:8      | Killed a two-headed ogre
  8389 | D:8      | Reached skill level 11 in Polearms
  8455 | D:8      | Reached **** piety under Cheibriados
  8890 | D:9      | Reached skill level 12 in Polearms
  9837 | D:9      | Noticed a two-headed ogre
  9841 | D:9      | Noticed Erolcha
  9847 | D:9      | Killed a two-headed ogre
  9848 | D:9      | Reached skill level 1 in Invocations
  9848 | D:9      | Reached XP level 11. HP: 43/86 MP: 7/14
  9866 | D:9      | Killed Erolcha
  9867 | D:9      | Reached skill level 5 in Conjurations
  9867 | D:9      | Reached skill level 5 in Air Magic
 10532 | D:10     | Entered Level 10 of the Dungeon
 11487 | D:10     | Reached ***** piety under Cheibriados
 12276 | D:10     | Found Ulug's Magic Scroll Boutique.
 12281 | D:10     | Bought a scroll of teleportation for 33 gold pieces
 12889 | D:11     | Noticed a boulder beetle
 12899 | D:11     | Killed a boulder beetle
 13368 | D:11     | Noticed a seven-headed hydra
 13378 | D:11     | Killed a seven-headed hydra
 13379 | D:11     | Reached skill level 5 in Invocations
 13612 | D:11     | Found a staircase to the Orcish Mines.
 13687 | D:11     | Noticed a boulder beetle
 13699 | D:11     | Killed a boulder beetle
 13700 | D:11     | Reached XP level 12. HP: 58/92 MP: 10/16
 13724 | D:11     | Reached ****** piety under Cheibriados
 14296 | Lair:1   | Entered Level 1 of the Lair of Beasts
 14299 | Lair:1   | Noticed a four-headed hydra
 14348 | Lair:1   | Killed a four-headed hydra
 15851 | Lair:2   | Reached skill level 1 in Armour
 16365 | Lair:2   | Found a staircase to the Swamp.
 16365 | Lair:2   | You fall into a shaft and drop 2 floors!
 16365 | Lair:4   | Noticed an eight-headed hydra
 16376 | Lair:4   | Killed an eight-headed hydra
 16482 | Lair:4   | Reached skill level 5 in Armour
 16625 | Lair:4   | Noticed a catoblepas
 16641 | Lair:4   | Killed a catoblepas
 16642 | Lair:4   | Gained mutation: You can hop long distances. [Barachi
                  | growth]
 16642 | Lair:4   | Reached XP level 13. HP: 78/98 MP: 14/19
 16823 | Lair:4   | Found a blossoming altar of Fedhas.
 17475 | Lair:3   | Reached skill level 5 in Spellcasting
 18894 | Lair:2   | Noticed Erica
 18910 | Lair:2   | Killed Erica
 19303 | Lair:4   | Found a hole to the Spider Nest.
 19832 | Lair:5   | Reached skill level 10 in Armour
 20001 | Lair:5   | Found a runed translucent gate.
 20003 | Lair:5   | Found a runed translucent gate.
 20003 | Lair:5   | Noticed kae's ghost (journeyman DgFE)
 20004 | Lair:5   | Found a runed translucent gate.
 20493 | Lair:5   | Found a staircase to the Slime Pits.
 20642 | Lair:6   | Entered Level 6 of the Lair of Beasts
 20649 | Lair:5   | Reached skill level 5 in Dodging
 20740 | Lair:6   | Found a runed translucent door.
 20741 | Lair:6   | Noticed an ice dragon
 20872 | Lair:6   | Reached XP level 14. HP: 65/105 MP: 16/21
 20952 | Lair:6   | Paralysed by a hornet for 3 turns
 21573 | Lair:6   | Reached skill level 10 in Dodging
 21581 | Lair:6   | Reached skill level 1 in Evocations
 21990 | Lair:6   | Reached skill level 5 in Evocations
 22715 | Lair:6   | Learned a level 5 spell: Borgnjor's Vile Clutch
 23125 | D:12     | Reached skill level 1 in Earth Magic
 23131 | D:12     | Reached skill level 1 in Necromancy
 23566 | D:12     | Noticed Josephine
 23576 | D:12     | Killed Josephine
 23827 | Orc:1    | Entered Level 1 of the Orcish Mines
 23865 | Orc:1    | Cast into level 2 of the Abyss (orc warrior)
 24043 | Abyss:2  | Noticed a tentacled starspawn
 24065 | Abyss:2  | Killed a tentacled starspawn
 24172 | Abyss:2  | Found a corrupted altar of Lugonu.
 24266 | Abyss:2  | Noticed a red very ugly thing
 24289 | Abyss:2  | Killed a red very ugly thing
 24291 | Abyss:2  | Found a corrupted altar of Lugonu.
 24292 | Abyss:2  | Noticed an Executioner
 24464 | Abyss:3  | Noticed a starcursed mass
 24468 | Abyss:3  | Paralysed by accursed screaming for 1 turns
 24736 | Abyss:3  | Found a shimmering altar of Xom.
 24779 | Abyss:3  | Killed from afar by a wretched star

Illustrated notes

Levels and vault maps discovered:
D:1:      scummos_arrival_simple_crosswalls, layout_basic,
          shapermc_ecumenical_altar_mp_highgroup
D:2:      layout_rooms, basic_altar
D:3:      layout_basic
D:4:      layout_loops_ring, minmay_temple_entry_trees, serial_aquarium,
          aquarium_bridge_straight [aquarium_subvault_bridge,
          aquarium_subvault_window, aquarium_subvault_bridge,
          aquarium_subvault_window], aquarium_window_fake,
          aquarium_window_corridor_2, aquarium_window_2, aquarium_window_fake,
          aquarium_view_2b, aquarium_view_2e, aquarium_balcony_double_4,
          st_stairs_1
D:5:      layout_gridville, serial_shops, shop, shop, shop,
          nicolae_shop_hallway_stairs, grunt_decor_fettered,
          hangedman_decor_diamond_cutter, uniq_ijyb, uniq_blork_the_orc,
          uniq_eustachio, uniq_sigmund, uniq_edmund
D:6:      layout_cave_pools, uniq_duvessa, uniq_menkaure
D:7:      layout_basic, mainiacjoe_overflow_catwalk, serial_shops, shop,
          nicolae_shop_temple_entry_statues_fountains, shop_statue, shop,
          serial_curves, eino_curves_01, eino_curves_03
D:8:      layout_rooms, erik_lair_orcish_takeover
D:9:      layout_long_grid, special_room [special_room_orc], uniq_erolcha
D:10:     layout_big_octagon, serial_gnoll_camp, gnoll_camp_mini_shop,
          gnoll_camp_medium_02, gnoll_camp_medium_01, gnoll_camp_mini_basic,
          nooodl_orcs_dogs
D:11:     layout_loops_ring, hiddenorc1_lemuel, portal_ice_cave_entry_pillars_1
D:12:     layout_roguey, uniq_josephine
Lair:1:   layout_loops_ring, special_room [special_room_bee], st_stairs_6,
          lemuel_fruit_fields, lemuel_fruit_tree
Lair:2:   layout_hall_layers, minmay_swamp_entry_eels, beast_lair_carwin_11,
          grunt_megastairs_3, uniq_erica
Lair:3:   layout_cellular_growth, special_room, grunt_megastairs_1,
          lemuel_fruit_fields
Lair:4:   layout_roguey, hellmonk_spider_entry_life_and_decay, basic_altar
Lair:5:   layout_roguey, minmay_slime_entry_oklob_enclosed,
          gammafunk_ghost_hydra_chop, st_stairs_9
Lair:6:   wormcave, layout_cave_pods, hangedman_lair_tendril_chambers
Orc:1:    layout_diamond_mine, serial_shops, nicolae_shop_trees,
          ebering_ghost_gozag
Abyss:3:  base: D:1, hangedman_grunt_abyss_rune_horror_hoard,
          hangedman_grunt_abyss_rune_horror_hoard

Skill      XL: |  1  2  3  4  5  6  7  8  9 10 11 12 13 14 |
---------------+-------------------------------------------+-----
Ice Magic      | 5 6 7 8 9 |  9.0
Fighting       | 1 2 3 4 5 7 8 |  8.0
Polearms       | 1 2 3 4 5 8 10 12 | 12.0
Conjurations   | 2 4 7 8 9 |  9.0
Air Magic      | 2 4 7 8 9 |  9.0
Invocations    | 1 6 8 |  8.6
Armour         | 5 10 11 | 11.1
Spellcasting   | 4 5 |  5.0
Dodging        | 7 10 | 10.0
Evocations     | 7 |  7.2
Earth Magic    | 2 |  2.6
Necromancy     | 2 |  2.4
Stealth        | |  1.7

Action                   |  1- 3 |  4- 6 |  7- 9 | 10-12 | 13-15 || total
-------------------------+-------+-------+-------+-------+-------++-------
Melee: Whip              |    38 |       |       |       |       ||    38
       Unarmed           |     1 |       |       |       |       ||     1
       Spear             |     3 |    51 |   221 |   560 |   951 ||  1786
       Punch             |       |       |     5 |    11 |    14 ||    30
 Cast: Freeze            |    13 |       |       |       |       ||    13
       Frozen Ramparts   |     2 |    11 |    38 |    72 |    90 ||   213
       Ozocubu's Armour  |       |     1 |    15 |    39 |    44 ||    99
       Freezing Cloud    |       |       |       |       |     3 ||     3
Invok: Slouch            |       |       |       |       |     2 ||     2
 Abil: Hop               |     1 |     1 |       |     8 |    11 ||    21
Evoke: Wand              |       |     2 |     6 |       |     8 ||    16
       Phantom mirror    |       |       |       |       |     1 ||     1
  Use: Potion            |       |     2 |       |     5 |     8 ||    15
       Scroll            |       |       |     6 |    17 |    15 ||    38
 Stab: Sleeping          |     4 |     1 |     3 |     1 |     1 ||    10
       Petrified         |       |       |       |     2 |       ||     2
       Distracted        |       |       |       |       |     2 ||     2
Armor: Robe              |     7 |    13 |    37 |       |       ||    57
       Scale mail        |       |       |     6 |   140 |   291 ||   437
Dodge: Dodged            |    34 |    28 |   105 |   284 |   395 ||   846

Table legend: (Time is in decaauts)
 A = Elapsed time spent in this place.
 B = Non-inter-level travel time spent in this place.
 C = Inter-level travel time spent in this place.
 D = Time resting spent in this place.
 E = Time spent auto-exploring this place.
 F = Levels seen in this place.
 G = Mean time per level.
                   A        B        C        D        E       F      G
               +--------+--------+--------+--------+--------+-----+--------+
         Total |  36790 |  34029 |   2761 |   4013 |  24390 |  21 | 1751.9 |
       Dungeon |  20995 |  18913 |   2082 |   2742 |  13377 |  12 | 1749.6 |
          Lair |  14352 |  13673 |    679 |   1087 |  10657 |   6 | 2392.0 |
  Orcish Mines |     29 |     29 |      0 |      0 |      0 |   1 |   29.0 |
         Abyss |   1413 |   1413 |      0 |    183 |    356 |   2 |  706.5 |
               +--------+--------+--------+--------+--------+-----+--------+

Top non-repeatable levels by time:
  Lair:6: 3494 daAuts
     D:9: 2692 daAuts
  Lair:3: 2672 daAuts
     D:5: 2605 daAuts
  Lair:1: 2524 daAuts
    D:11: 2359 daAuts
    D:10: 2242 daAuts
  Lair:2: 2195 daAuts
     D:7: 1987 daAuts
  Lair:5: 1873 daAuts
     D:4: 1711 daAuts
  Lair:4: 1593 daAuts
     D:8: 1547 daAuts
     D:1: 1530 daAuts
     D:6: 1434 daAuts
